 Dungeon Sprint DCSS version 0.24.0-41-g2ae2f7f1be (webtiles) character file.

Game seed: 9988224604097979341, levelgen mode: deterministic

905 McKennaii the Carver (level 7, -5/61 HPs)
             Began as a Demonspawn Fighter on Dec 10, 2019.
             Was a Priest of Makhleb.
             Slain by a troll (9 damage)
             ... in the Dungeon (Sprint IX: "|||||||||||||||||||||||||||||").
             The game lasted 00:03:47 (698 turns).

McKennaii the Carver (Demonspawn Fighter)            Turns: 698, Time: 00:03:49

Health: -5/61      AC: 16    Str: 22    XL:     7   Next: 80%
Magic:  7/7        EV:  5    Int:  9    God:    Makhleb [***...]
Gold:   0          SH: 11    Dex: 15    Spells: 6/6 levels left

rFire    . . .     SeeInvis .   a - +0 long sword
rCold    . . .     Gourm    .   c - +0 shield
rNeg     . . .     Faith    .   q - +0 plate armour
rPois    .         Spirit   .   (helmet restricted)
rElec    .         Reflect  .   (no cloak)
rCorr    .         Harm     .   p - +0 pair of gloves
MR       .....     NoTele   +   (no boots)
Stlth    ..........             (no amulet)
HPRegen  0.20/turn              r - +3 ring of dexterity
MPRegen  0.10/turn              s - +3 ring of strength

@: no status effects
A: horns 2, icy blue scales 1, demonic guardian 1
a: Minor Destruction, Lesser Servant of Makhleb, Renounce Religion


You were in the Dungeon.
You worshipped Makhleb.
Makhleb was most pleased with you.
You were not hungry.

You visited 1 branch

Inventory:

Hand Weapons
 a - a +0 long sword (weapon)
Armour
 c - a +0 shield (worn)
 p - a +0 pair of gloves (worn)
 q - a +0 plate armour (worn)
Jewellery
 r - a +3 ring of dexterity (left hand)
 s - a +3 ring of strength (right hand)
Wands
 o - a wand of iceblast (10)
Scrolls
 k - 2 scrolls of blinking
 m - 3 scrolls of remove curse
 n - 2 scrolls of amnesia
Potions
 d - a potion of might
 e - 5 potions of curing
 g - 3 potions of heal wounds
 h - a potion of haste
 i - 4 potions of magic
 j - a potion of berserk rage
 l - a potion of invisibility
Comestibles
 f - a ration


   Skills:
 + Level 7.6 Fighting
 * Level 11.1 Long Blades
 + Level 6.7 Armour
 + Level 1.1 Dodging
 + Level 7.2 Shields


You had 6 spell levels left.
You didn't know any spells.
Your spell library was empty.

Dungeon Overview and Level Annotations

Branches:
Dungeon (1/1)

Altars:
Cheibriados
Dithmenos
Elyvilon
Fedhas
Gozag
Hepliaklqana
Kikubaaqudgha
Makhleb
Nemelex Xobeh
Okawaru
Qazlal
Ru
Sif Muna
Trog
Uskayaw
Vehumet
Wu Jian
Xom
Yredelemnul
Zin
The Shining One
Beogh
Jiyva
Lugonu


Innate Abilities, Weirdness & Mutations

You have a pair of horns on your head.
You are partially covered in icy blue scales. (AC +2)
A weak demonic guardian rushes to your aid.


Message History

The troll is severely wounded.
You block the troll's attack. The troll claws you but does no damage.
You block the troll's attack.
Your plate armour prevents you from hitting the troll.
Your headbutt misses the troll.
The troll is severely wounded.
You block the troll's attack. The troll barely misses you.
The troll claws you but does no damage.
You hit the troll but do no damage. You headbutt the troll!
The troll is almost dead.
The troll bites you!
* * * LOW HITPOINT WARNING * * *
The troll barely misses you. The troll claws you but does no damage.
You hit the troll.
You headbutt the troll, but do no damage.
The troll is almost dead.
The troll bites you!
* * * LOW HITPOINT WARNING * * *
The troll claws you!
You die...

▓_▓
▓_▓
▓_▓
▓_▓
▓'▓
▓.▓
▓Z▓
▓T▓
▓@▓
▓)▓
▓)▓
▓(▓
▓(▓
▓(▓
▓.▓
▓.▓
▓)▓


You could see a troll and a quokka zombie.

Vanquished Creatures
  A yaktaur (shapeshifter) (D)
  A troll (D)
  A centaur (D)
  A scorpion (D)
  A hound (D)
  A worker ant (D)
  2 dart slugs (D)
  A bat (D)
  2 goblins (D)
  A quokka (D)
12 creatures vanquished.

Vanquished Creatures (collateral kills)
  An ice beast (D)
  A centaur (D)
  A big kobold (D)
  A bullfrog (D)
  A jelly (D)
  A worker ant (D)
  A bat skeleton (D)
7 creatures vanquished.

Vanquished Creatures (others)
  An orc wizard (D)
1 creature vanquished.

Grand Total: 20 creatures vanquished

Notes
Turn   | Place    | Note
-------+----------+-------------------------------------------
     0 | D        | McKennaii the Demonspawn Fighter began the quest for the
                  | Orb.
     0 | D        | Reached XP level 1. HP: 18/18 MP: 1/1
     6 | D        | Reached skill level 2 in Long Blades
    16 | D        | Gained mutation: You have a pair of small horns on your
                  | head. [demonic ancestry]
    16 | D        | Reached XP level 2. HP: 13/24 MP: 2/2
   182 | D        | Noticed a centaur
   182 | D        | Noticed a scorpion
   186 | D        | Killed a scorpion
   186 | D        | Reached skill level 4 in Long Blades
   186 | D        | Gained mutation: You are partially covered in icy blue
                  | scales. (AC +2) [demonic ancestry]
   186 | D        | Reached XP level 3. HP: 31/31 MP: 3/3
   192 | D        | Gained mutation: A weak demonic guardian rushes to your
                  | aid. [demonic ancestry]
   192 | D        | Reached XP level 4. HP: 36/38 MP: 4/4
   199 | D        | Reached skill level 5 in Fighting
   199 | D        | Reached skill level 5 in Long Blades
   209 | D        | Killed a centaur
   209 | D        | Reached skill level 6 in Long Blades
   209 | D        | Reached skill level 5 in Armour
   209 | D        | Reached skill level 5 in Shields
   209 | D        | Gained mutation: You have a pair of horns on your head.
                  | [demonic ancestry]
   209 | D        | Reached XP level 5. HP: 36/45 MP: 5/5
   270 | D        | Found a roughly hewn altar of Beogh.
   270 | D        | Found a snail-covered altar of Cheibriados.
   270 | D        | Found a shadowy altar of Dithmenos.
   270 | D        | Found a white marble altar of Elyvilon.
   270 | D        | Found a blossoming altar of Fedhas.
   270 | D        | Found an opulent altar of Gozag.
   271 | D        | Found a hazy altar of Hepliaklqana.
   272 | D        | Found a viscous altar of Jiyva.
   273 | D        | Found an ancient bone altar of Kikubaaqudgha.
   274 | D        | Found a corrupted altar of Lugonu.
   275 | D        | Found a burning altar of Makhleb.
   276 | D        | Found a sparkling altar of Nemelex Xobeh.
   277 | D        | Found an iron altar of Okawaru.
   278 | D        | Found a stormy altar of Qazlal.
   279 | D        | Found a sacrificial altar of Ru.
   280 | D        | Found a shimmering blue altar of Sif Muna.
   281 | D        | Found a bloodstained altar of Trog.
   282 | D        | Found a hide-covered altar of Uskayaw.
   283 | D        | Became a worshipper of Makhleb the Destroyer
   284 | D        | Found a radiant altar of Vehumet.
   285 | D        | Found an ornate altar of the Wu Jian Council.
   286 | D        | Found a shimmering altar of Xom.
   287 | D        | Found a basalt altar of Yredelemnul.
   291 | D        | Found a glowing silver altar of Zin.
   292 | D        | Found a glowing golden altar of the Shining One.
   338 | D        | Noticed a centaur
   338 | D        | Noticed a troll
   415 | D        | Killed a troll
   415 | D        | Reached skill level 9 in Long Blades
   415 | D        | Reached XP level 6. HP: 22/53 MP: 6/6
   418 | D        | Reached * piety under Makhleb
   433 | D        | Reached XP level 7. HP: 33/59 MP: 7/7
   440 | D        | Reached ** piety under Makhleb
   588 | D        | Noticed a troll
   588 | D        | Noticed a meliai
   590 | D        | Noticed a yaktaur
   590 | D        | a meliai changed into a yaktaur
   602 | D        | Killed a yaktaur
   602 | D        | Reached skill level 10 in Long Blades
   602 | D        | Reached skill level 1 in Dodging
   640 | D        | Reached skill level 11 in Long Blades
   662 | D        | Reached *** piety under Makhleb
   698 | D        | Slain by a troll

Levels and vault maps discovered:
D:        linesprint [early_d, line_temple, items_1, d_10, items_2, lair_1,
          lair_end, items_3, orc_1, orc_end, items_4, d_15, swamp_1, shoals_1,
          snake_1, spider_1, d_20, vaults_1, items_5, swamp_end, shoals_end,
          snake_end, spider_end, vaults_end, d_27, items_6, zot_1, zot_end,
          crypt_end, forest_end, elf_end, slime_end, tomb_end, abyss_end,
          pan_hell_end]

Skill      XL: |  1  2  3  4  5  6  7 |
---------------+----------------------+-----
Long Blades    | 2 4 6 9 11 | 11.1
Armour         | 3 4 5 6 |  6.7
Shields        | 3 4 5 6 7 |  7.2
Fighting       | 4 5 6 7 |  7.6
Dodging        | 1 |  1.1

Action                   |  1- 3 |  4- 6 |  7- 9 || total
-------------------------+-------+-------+-------++-------
Melee: Long sword        |    30 |    27 |    25 ||    82
       Headbutt          |     5 |     9 |     9 ||    23
Armor: Scale mail        |    11 |     3 |       ||    14
       Plate armour      |       |    25 |     8 ||    33
Dodge: Dodged            |    12 |     4 |     4 ||    20
Block: Shield            |    13 |    31 |    13 ||    57
       Rpst.: Long sword |     4 |     1 |     1 ||     6
